 Dungeon Crawl Stone Soup version 0.31.0-32-g396128a36d (webtiles) character file.

Game seed: 979008535792138507

21 Minsecho the Gusty (level 2, -4/16 HPs)
             Began as a Tengu Air Elementalist on Mar 13, 2024.
             Slain by Natasha (9 damage)
             ... on level 2 of the Dungeon.
             The game lasted 00:01:30 (1267 turns).

Minsecho the Gusty (Tengu Air Elementalist)         Turns: 1267, Time: 00:01:31

Health: -4/16      AC:  2    Str:  8    XL:     2   Next: 83%
Magic:  2/6        EV: 12    Int: 15    God:
Gold:   58         SH:  0    Dex: 14    Spells: 4/5 levels left

rFire   . . .        h - +0 demon whip (drain)
rCold   . . .        (no shield)
rNeg    . . .        a - +0 robe
rPois   .            (helmet restricted)
rElec   .            (no cloak)
rCorr   .            (no gloves)
SInv    .            (boots unavailable)
Will    .....        (no amulet)
Stlth   ++           (no ring)
HPRegen 0.22/turn    (no ring)
MPRegen 0.10/turn

%: acrobat
@: very slightly contaminated
A: beak, talons 3, acrobatic
a: no special abilities


You were on level 2 of the Dungeon.
You visited 1 branch of the dungeon, and saw 2 of its levels.

You collected 58 gold pieces.

Inventory:

Hand Weapons
 h - a +0 demon whip of draining (weapon)
 i - a +1 sling of draining
Armour
 a - a +0 robe (worn)
Scrolls
 c - a scroll of enchant weapon {unknown}
 d - a scroll of silence {unknown}
 e - a scroll of acquirement {unknown}
 f - a scroll of blinking {unknown}
 g - a scroll of teleportation {unknown}
 j - 2 scrolls of poison {unknown}
Potions
 b - a potion of magic


   Skills:
 * Level 0.9 Fighting
 + Level 2.4 Dodging
 + Level 2.1 Stealth
 + Level 2.1 Spellcasting
 + Level 1.6 Conjurations
 + Level 4.5 Air Magic


You had 4 spell levels left.
You knew the following spells:

 Your Spells              Type           Power      Damage    Failure   Level
a - Shock                 Conj/Air       40%        1d5       6%          1

Your spell library contained the following spells:

 Spells                   Type           Power      Damage    Failure   Level
 Static Discharge         Conj/Air       20%        3-4/arc   10%         2
 Swiftness                Air            15%        N/A       11%         3
 Airstrike                Air            7%         2d(2-18)  34%         4


Dungeon Overview and Level Annotations

Branches:
Dungeon (2/15)

Altars:

Annotations:
D:2 Natasha


Innate Abilities, Weirdness & Mutations

You have a beak for a mouth.
You have claws for feet.
You can magically evade attacks while moving or waiting.


Message History

Casting: Shock (safe; 6% risk of failure)
Confirm with . or Enter, or press ? or * to list all spells.
Okay, then.
Sorry, you're not good enough to have a special ability.
Unknown command.
Okay, then.
Okay, then.
You aren't carrying any items that you can evoke.
Unknown command.
Unknown command.
Casting: Shock (safe; 6% risk of failure)
Confirm with . or Enter, or press ? or * to list all spells.
Aiming: Shock (safe; 6% risk of failure)
Press: ? - help, Shift-Dir - straight line, p - Natasha The zap hits Natasha.
Natasha is moderately wounded.
The zap misses Natasha.
Natasha mumbles some strange words.
Casting: Shock (safe; 6% risk of failure)
Confirm with . or Enter, or press ? or * to list all spells.
Aiming: Shock (safe; 6% risk of failure)
Press: ? - help, Shift-Dir - straight line You miscast Shock.
You are very lightly contaminated with residual magic.
Nothing appears to happen.
Natasha casts a spell.
Unknown command.
Casting: Shock (safe; 6% risk of failure)
Confirm with . or Enter, or press ? or * to list all spells.
Aiming: Shock (safe; 6% risk of failure)
Press: ? - help, Shift-Dir - straight line The zap hits Natasha.
Natasha is moderately wounded.
The zap hits Natasha.
Natasha is severely wounded.
The cerulean imp hits you from afar with a +2 spear.
Natasha claws you!
Ouch! That really hurt!
You die...
Natasha begins licking her fur clean.

### #### #.. ..#
#.# ###.##### ####
#.# #...>.... .5.
#.# ###.#.###..
#h###.###.........#
#5@...............#
#####.###.#.#.###.#
#.###.#.#.# #.#
#.........# #.#
#####.#.### #.#
#########.#.#####.#
..........#........
.#######..######..#
##..##......#


You could see Natasha and 2 cerulean imps.

Vanquished Creatures
  A ribbon worm (D:2)
  4 bats
  An endoplasm (D:1)
  A giant cockroach (D:1)
  3 goblins (D:1)
  A hobgoblin (D:1)
  A quokka (D:1)
  A frilled lizard (D:1)
  3 kobolds (D:1)
  A rat (D:1)
17 creatures vanquished.

Notes
Turn   | Place    | Note
-------+----------+-------------------------------------------
     0 | D:1      | Minsecho the Tengu Air Elementalist began the quest for the
                  | Orb.
     0 | D:1      | Reached XP level 1. HP: 10/10 MP: 4/4
   633 | D:1      | Reached XP level 2. HP: 16/16 MP: 6/6
  1263 | D:2      | Noticed Natasha
  1267 | D:2      | Slain by Natasha

Illustrated notes

Levels and vault maps discovered:
D:1:      arrival_zaba_pyramid, layout_basic
D:2:      layout_loops_ring, nicolae_ecumenical_oubliette, uniq_natasha

Action                     || total
---------------------------++-------
  Melee: Demon whip        ||     3
         Kick              ||     2
         Peck              ||     1
   Cast: Shock             ||    32
 Armour: Robe              ||     4
  Dodge: Dodged            ||     5
